 Dungeon Crawl Stone Soup version 0.30-a0-368-g86fb4627a9 (webtiles) character file.

Game seed: 16243974159599374932

85 qeuew the Trooper (level 4, 0/24 HPs)
             Began as a Vine Stalker Fighter on Nov 18, 2022.
             Slain by an orc priest
             ... wielding a +0 hand axe
              (2 damage)
             ... on level 3 of the Dungeon.
             The game lasted 00:02:21 (1640 turns).

qeuew the Trooper (Vine Stalker Fighter)            Turns: 1640, Time: 00:02:22

Health: 0/24       AC:  6    Str: 21    XL:     4   Next: 48%
Magic:  0/15       EV:  9    Int:  8    God:
Gold:   103        SH:  5    Dex: 19    Spells: 5/5 levels left

rFire   . . .      SeeInvis .    a - +0 war axe
rCold   . . .      Faith    .    c - +0 buckler
rNeg    . . .      Spirit   +    b - +0 scale mail
rPois   .          Reflect  .    (no helmet)
rElec   .          Harm     .    (no cloak)
rCorr   .          Rampage  .    (no gloves)
Will    .....                    (no boots)
Stlth   ..........               (no amulet)
HPRegen 1.04/turn                h - +6 ring of dexterity
MPRegen 0.14/turn                j - ring of magical power

@: no status effects
A: fangs 2, regeneration 1, magic shield, antimagic bite, no potion heal 2
a: no special abilities


You were on level 3 of the Dungeon.
You visited 1 branch of the dungeon, and saw 3 of its levels.

You collected 103 gold pieces.

Inventory:

Hand Weapons
 a - a +0 war axe (weapon)
Armour
 b - a +0 scale mail (worn)
 c - a +0 buckler (worn)
Jewellery
 h - a +6 ring of dexterity (left hand)
 j - a ring of magical power (right hand)
Scrolls
 g - a scroll of acquirement {unknown}
 i - a scroll of teleportation
 k - a scroll of identify
Potions
 d - a potion of might
 e - 2 potions of curing
 f - a potion of resistance


   Skills:
 + Level 3.0 Fighting
 * Level 2.8 Axes
 + Level 2.6 Armour
 + Level 0.8 Dodging
 + Level 3.0 Shields
 + Level 1.1 Spellcasting


You had 5 spell levels left.
You didn't know any spells.
Your spell library contained the following spells:

 Spells                   Type           Power      Damage    Failure   Level
 Blink                    Tloc           0%         N/A       91%         2
 Momentum Strike          Conj/Tloc      0%         3d8       91%         2
 Lesser Beckoning         Tloc           0%         N/A       99%         3
 Leda's Liquefaction      Hex/Erth       0%         N/A       100%        4
 Lee's Rapid Deconstruct  Erth           0%         3d4*      100%        5
 Statue Form              Tmut/Erth      0%         N/A       100%        6


Dungeon Overview and Level Annotations

Branches:
Dungeon (3/15)

Altars:


Innate Abilities, Weirdness & Mutations

You have extremely sharp teeth.
Your natural rate of healing is unusually fast.
When hurt, damage is shared between your health and your magic reserves.
Your bite disrupts and absorbs the magic of your enemies.
Potions cannot restore your health.


Message History

You closely miss something. The orc hits you with a +0 mace!
Something hits you.
You barely miss the orc. You barely miss the orc priest.
You slash the orc wizard! You completely miss something.
You block the orc's attack.
The orc priest hits you with a +0 hand axe.
You block the orc wizard's attack. Something hits you.
The orc closely misses you. Something hits you.
You block the orc priest's attack.
The orc wizard gestures at you while chanting.
The puff of flame hits you!
* * * LOW HITPOINT WARNING * * *
You hit the orc. Your bite misses the orc.
The orc is lightly wounded.
You hit the orc priest but do no damage.
You barely miss the orc wizard. You miss something.
The orc wizard gestures at you while chanting.
You resist with some effort.
The orc priest hits you with a +0 hand axe.
You hear some strange, mumbled words.
A puff of flame appears from out of thin air!
The puff of flame hits you.
* * * LOW HITPOINT WARNING * * *
You barely miss something. Your bite misses something. You hit the orc priest.
You hit the orc wizard but do no damage.
You miss something. You hit the orc but do no damage.
The orc hits you with a +0 mace.
* * * LOW HITPOINT WARNING * * *
The orc wizard hits you but does no damage.
The orc priest closely misses you.
Something hits you but does no damage. x2
You barely miss something. You closely miss the orc wizard. You slash the orc!
You kill the orc!
You hit the orc priest. You hit something.
Something hits you but does no damage.
The orc wizard hits you with a +0 dagger.
* * * LOW HITPOINT WARNING * * *
Something hits you.
* * * LOW HITPOINT WARNING * * *
The orc priest hits you with a +0 hand axe.
You die...

###### ##### ......
##### #...##......
#...# #...........
#...# #...{o......
####...######..$@...###
................)o...#
#######......###.....#
.###.........# ).....#
.............# ......#
...#.........##...#...#
.............######...#
.#...........# ....
.#...........+


You could see an orc priest and an orc wizard.

Vanquished Creatures
  4 gnolls (D:2)
  A worm (D:2)
  An orc (D:3)
  7 ball pythons
  6 bats
  2 endoplasms (D:2)
  3 giant cockroaches (D:1)
  6 goblins
  A hobgoblin (D:1)
  3 quokkas
  6 kobolds
  2 rats (D:1)
42 creatures vanquished.

Notes
Turn   | Place    | Note
-------+----------+-------------------------------------------
     0 | D:1      | qeuew the Vine Stalker Fighter began the quest for the Orb.
     0 | D:1      | Reached XP level 1. HP: 11/11 MP: 2/2
    51 | D:1      | Found a faded altar of an unknown god.
   224 | D:1      | Reached XP level 2. HP: 10/16 MP: 1/3
   854 | D:2      | Reached XP level 3. HP: 19/19 MP: 4/4
  1296 | D:2      | Reached skill level 1 in Spellcasting
  1299 | D:2      | Gained mutation: Your natural rate of healing is unusually
                  | fast. [Vine Stalker growth]
  1299 | D:2      | Reached XP level 4. HP: 10/24 MP: 6/6
  1640 | D:3      | Slain by an orc priest

Illustrated notes

Levels and vault maps discovered:
D:1:      dpeg_arrival_rooms_a, layout_loops_cross,
          shapermc_ecumenical_altar_mp_highgroup
D:2:      layout_basic
D:3:      layout_basic

Skill      XL: |  1  2  3  4 |
---------------+-------------+-----
Axes           | 2 |  2.8
Fighting       | 3 |  3.0
Spellcasting   | 1 |  1.1
Shields        | 3 |  3.0
Armour         | |  2.6
Dodging        | |  0.8

Action                   |  1- 3 |  4- 6 || total
-------------------------+-------+-------++-------
Melee: War axe           |    78 |     8 ||    86
       Bite              |    16 |     1 ||    17
  Use: Scroll            |     2 |     2 ||     4
       Potion            |     2 |       ||     2
Armor: Scale mail        |    35 |     4 ||    39
Dodge: Dodged            |    32 |     3 ||    35
Block: Buckler           |    28 |     3 ||    31

Table legend: (Time is in decaauts)
 A = Elapsed time spent in this place.
 B = Non-inter-level travel time spent in this place.
 C = Inter-level travel time spent in this place.
 D = Time resting spent in this place.
 E = Time spent auto-exploring this place.
 F = Levels seen in this place.
 G = Mean time per level.
                   A        B        C        D        E       F      G
               +--------+--------+--------+--------+--------+-----+--------+
         Total |   1674 |   1645 |     29 |     24 |   1351 |   3 |  558.0 |
       Dungeon |   1674 |   1645 |     29 |     24 |   1351 |   3 |  558.0 |
               +--------+--------+--------+--------+--------+-----+--------+

Top non-repeatable levels by time:
     D:2: 863 daAuts
     D:1: 762 daAuts
     D:3: 48 daAuts
